[Event "1st Gujarat GM Open 2018"]
[Site "Ahmedabad"]
[Date "2018.10.06"]
[Round "2"]
[White "Ziatdinov, Raset"]
[Black "Aditya Varun Gampa"]
[Result "1-0"]
[ECO "B47"]
[WhiteElo "2265"]
[BlackElo "1898"]
[Annotator "NA"]
[PlyCount "49"]
[EventDate "2018.10.05"]
[EventType "swiss"]
[EventCountry "IND"]
[SourceTitle "playchess.com"]
[Source "ChessBase"]
[SourceQuality "1"]
[TimeControl "5400+30"]

1. e4 c5 2. Nf3 Nc6 3. d4 cxd4 4. Nxd4 Qc7 5. Nc3 e6 6. f4 a6 7. Nf3 d6 8. Bd3 Nf6 9. O-O b5 10. Kh1 Bb7 11. f5 Be7 12. Ng5 e5 13. a4 b4 14. Nd5 Qd8 15. Bc4 O-O 16. Nxf6+ Bxf6 17. Qh5 Bxg5 18. Bxg5 Qc7 19. Bf6 gxf6 20. Rf3 Rfc8 21. Qh6 Ne7 22. Rg3+ Ng6 23. fxg6 Qxc4 24. gxh7+ Kh8 25. Qg7# 1-0

[Event "1st Gujarat GM Open 2018"]
[Site "Ahmedabad"]
[Date "2018.10.06"]
[Round "2"]
[White "Ritviz, Parab"]
[Black "Umang, Kaisary"]
[Result "1-0"]
[ECO "B50"]
[WhiteElo "2252"]
[BlackElo "1869"]
[Annotator "NA"]
[PlyCount "137"]
[EventDate "2018.10.05"]
[EventType "swiss"]
[EventCountry "IND"]
[SourceTitle "playchess.com"]
[Source "ChessBase"]
[SourceQuality "1"]
[TimeControl "5400+30"]

1. e4 c5 2. Nf3 d6 3. c3 Nf6 4. Bd3 Nc6 5. O-O Bg4 6. h3 Bxf3 7. Qxf3 d5 8. exd5 Qxd5 9. Qxd5 Nxd5 10. Be4 O-O-O 11. Na3 g6 12. Nc4 Bg7 13. Re1 f5 14. Bf3 e5 15. d3 h6 16. a4 Rhe8 17. a5 Kc7 18. g3 Nde7 19. Be3 Rxd3 20. Be2 Rd5 21. Na3 b6 22. Bc4 Rdd8 23. b4 cxb4 24. cxb4 Nd5 25. Bxd5 Rxd5 26. Rac1 Kd7 27. axb6 axb6 28. Nc4 Nxb4 29. Nxb6+ Ke6 30. Nxd5 Nxd5 31. Rc6+ Kf7 32. Bc5 Nf6 33. Rb1 Rd8 34. Rb7+ Kg8 35. Be7 Rd7 36. Rxd7 Nxd7 37. Rd6 Nf8 38. Bxf8 Bxf8 39. Rxg6+ Kf7 40. Ra6 Bg7 41. Kg2 e4 42. g4 f4 43. Ra4 f3+ 44. Kf1 Kg6 45. Rxe4 Kg5 46. Re7 Bd4 47. Rf7 Bf6 48. Rf8 Kg6 49. Rb8 Bd4 50. Rb3 Kg5 51. Rxf3 Kh4 52. Kg2 Kg5 53. Rf5+ Kg6 54. f4 Bb2 55. Ra5 Bc3 56. Ra6+ Kg7 57. h4 Bd4 58. g5 h5 59. f5 Kh7 60. Rd6 Be5 61. Rd7+ Kg8 62. Kf3 Bc3 63. Ke4 Be1 64. f6 Bxh4 65. Kf5 Kf8 66. g6 Ke8 67. Re7+ Kd8 68. g7 Bxf6 69. Kxf6 1-0

[Event "1st Gujarat GM Open 2018"]
[Site "Ahmedabad"]
[Date "2018.10.06"]
[Round "2"]
[White "Srija, Seshadri"]
[Black "Shah Jeet"]
[Result "1-0"]
[ECO "C84"]
[WhiteElo "2246"]
[BlackElo "1828"]
[Annotator "NA"]
[PlyCount "115"]
[EventDate "2018.10.05"]
[EventType "swiss"]
[EventCountry "IND"]
[SourceTitle "playchess.com"]
[Source "ChessBase"]
[SourceQuality "1"]
[TimeControl "5400+30"]

1. e4 e5 2. Nf3 Nc6 3. Bb5 a6 4. Ba4 Nf6 5. O-O Be7 6. d3 d6 7. a3 O-O 8. Nc3 Re8 9. h3 h6 10. Ne2 Bf8 11. c4 Rb8 12. Be3 b5 13. cxb5 axb5 14. Bc2 d5 15. Ng3 Na5 16. b4 dxe4 17. dxe4 Nc4 18. Qe2 Ra8 19. Rfd1 Bd6 20. Bb3 Rxa3 21. Bxc4 Rxa1 22. Bxf7+ Kxf7 23. Rxa1 Bd7 24. Qb2 Qe7 25. Ra7 Kg8 26. Nh4 Qf7 27. Bc5 Qc4 28. Bxd6 cxd6 29. Nhf5 Bxf5 30. Nxf5 Qxe4 31. Nxd6 Qe1+ 32. Kh2 Rf8 33. Ra1 Ng4+ 34. hxg4 Qxf2 35. Qxf2 Rxf2 36. Ra7 Rf4 37. Kg3 Rxb4 38. Nf5 Rf4 39. Rxg7+ Kf8 40. Rb7 h5 41. Ne3 Re4 42. Kf3 Rf4+ 43. Ke2 hxg4 44. Rxb5 Re4 45. Rb7 Ra4 46. Rb5 Re4 47. Kf2 Kf7 48. Rb6 Ra4 49. Nf1 Rf4+ 50. Kg1 Ra4 51. Kh2 Ra1 52. Ng3 Ra4 53. Nf5 Rf4 54. Nh6+ Kg7 55. Kg3 Rf1 56. Nxg4 e4 57. Re6 Re1 58. Kf2 1-0

[Event "1st Gujarat GM Open 2018"]
[Site "Ahmedabad"]
[Date "2018.10.06"]
[Round "2"]
[White "Nayak Rajesh"]
[Black "Raghunandan, Kaumandur Srihari"]
[Result "1/2-1/2"]
[ECO "A13"]
[WhiteElo "2084"]
[BlackElo "2394"]
[Annotator "NA RC"]
[PlyCount "97"]
[EventDate "2018.10.05"]
[EventType "swiss"]
[EventCountry "IND"]
[SourceTitle "playchess.com"]
[Source "ChessBase"]
[SourceQuality "1"]
[TimeControl "5400+30"]

1. c4 e6 2. g3 d5 3. Bg2 c6 4. Qc2 Nf6 5. Nf3 Nbd7 6. O-O Bd6 7. d4 O-O 8. Nc3 b6 9. e4 dxe4 10. Ng5 Bb7 11. Ngxe4 Be7 12. Bf4 Nxe4 13. Nxe4 Nf6 14. Rad1 h6 15. c5 Nxe4 16. Bxe4 Qd7 17. Qb3 Bd8 18. Bc2 Ba6 19. Rfe1 Bc7 20. Be5 Rfd8 21. Qf3 Bc4 22. Qe4 f5 23. Qe3 Bd5 24. Bb3 Bxe5 25. Bxd5 Qxd5 26. Qxe5 Qxa2 27. cxb6 axb6 28. Qxe6+ Qxe6 29. Rxe6 Rac8 30. Re7 Kf8 31. Re5 Rd5 32. Rd3 Re8 33. Rde3 Rexe5 34. dxe5 Ke7 35. Re2 g5 36. f4 Ke6 37. Kg2 Rd4 38. Kf3 Rd3+ 39. Re3 g4+ 40. Ke2 Rxe3+ 41. Kxe3 Kd7 42. b4 Ke6 43. Kd4 Kd7 44. Kd3 Ke7 45. Kc4 Ke6 46. Kd4 Kd7 47. b5 c5+ 48. Kd5 Ke7 49. Kc4 1/2-1/2

[Event "1st Gujarat GM Open 2018"]
[Site "Ahmedabad"]
[Date "2018.10.06"]
[Round "2"]
[White "Thipsay, Bagyashree Sathe"]
[Black "Patil, Pratik"]
[Result "1/2-1/2"]
[ECO "C19"]
[WhiteElo "2021"]
[BlackElo "2280"]
[Annotator "RC"]
[PlyCount "145"]
[EventDate "2018.10.05"]
[EventType "swiss"]
[EventCountry "IND"]
[SourceTitle "playchess.com"]
[Source "ChessBase"]
[SourceQuality "1"]
[TimeControl "5400+30"]

1. e4 e6 2. d4 d5 3. Nc3 Bb4 4. e5 Ne7 5. a3 Bxc3+ 6. bxc3 c5 7. Nf3 Nbc6 8. Bd3 Qa5 9. Bd2 c4 10. Be2 Bd7 11. O-O Qa4 12. Ne1 O-O-O 13. g3 Rdf8 14. Ng2 f5 15. exf6 gxf6 16. Bg4 Nd8 17. Re1 Re8 18. Nf4 Ng6 19. Nh5 Rhf8 20. Bh6 Rf7 21. Bg7 f5 22. Bh3 Rg8 23. Bh6 Nc6 24. Bf4 Nxf4 25. Nxf4 Nd8 26. Bg2 Re8 27. Qb1 Bc6 28. Re2 Rc7 29. Qb2 Bd7 30. Rae1 Rf8 31. Qb4 Qxb4 32. cxb4 b5 33. c3 Rc6 34. Bf3 Ra6 35. Ra2 Kc7 36. Bd1 Kd6 37. a4 Nf7 38. h4 bxa4 39. Bc2 Rb8 40. Rea1 Rbb6 41. Bxa4 Bxa4 42. Rxa4 Rxa4 43. Rxa4 a6 44. f3 Ke7 45. Kf2 Nd6 46. Ke3 Nb5 47. Ne2 Kf6 48. Kf4 Nd6 49. Ra5 Nb7 50. Ra1 Nd6 51. g4 h6 52. Rg1 fxg4 53. fxg4 Ne4 54. g5+ hxg5+ 55. hxg5+ Kg7 56. Ke5 Nd2 57. Rg3 Ne4 58. Rg2 Nd2 59. Ng3 Nf3+ 60. Kf4 Ne1 61. Rh2 Nd3+ 62. Kg4 e5 63. dxe5 Nxe5+ 64. Kf5 Nf3 65. Nh5+ Kf7 66. Rh3 Nxg5 67. Kxg5 d4 68. Rf3+ Ke7 69. cxd4 Rxb4 70. Kf4 Kd6 71. Ke4 Rb3 72. Rf6+ Kc7 73. Rxa6 1/2-1/2

[Event "1st Gujarat GM Open 2018"]
[Site "Ahmedabad"]
[Date "2018.10.06"]
[Round "2"]
[White "Suvradeepta, Das"]
[Black "Deshmukh, Anup"]
[Result "0-1"]
[ECO "A18"]
[WhiteElo "2005"]
[BlackElo "2267"]
[Annotator "NA"]
[PlyCount "54"]
[EventDate "2018.10.05"]
[EventType "swiss"]
[EventCountry "IND"]
[SourceTitle "playchess.com"]
[Source "ChessBase"]
[SourceQuality "1"]
[TimeControl "5400+30"]

1. c4 Nf6 2. Nc3 e6 3. e4 e5 4. Nf3 Nc6 5. Be2 d6 6. O-O Nd4 7. Nxd4 exd4 8. Nd5 Nxe4 9. Re1 c6 10. Bf3 cxd5 11. cxd5 Be7 12. Bxe4 O-O 13. d3 f5 14. Bf3 Bf6 15. Bd2 Bd7 16. Qb3 Be5 17. Rac1 Rb8 18. Qa3 a6 19. Bb4 Qf6 20. Rc7 Rf7 21. Ba5 g5 22. Bb6 g4 23. Bd1 Re8 24. Rf1 Bxh2+ 25. Kxh2 Qh4+ 26. Kg1 Rf6 27. Bxg4 fxg4 0-1